 Dungeon Sprint DCSS version 0.31-a0-43-g46d131a48f (webtiles) character file.

Game seed: 15494189305019120337

66 rocky1 the Chopper (level 4, 0/48 HPs)
             Began as an Ogre Gladiator on May 20, 2023.
             Was a Follower of Cheibriados.
             Slain by an adder (4 damage)
             ... in the Dungeon (Sprint VII: "The Pits").
             The game lasted 00:01:23 (656 turns).

rocky1 the Chopper (Ogre Gladiator)                  Turns: 656, Time: 00:01:24

Health: 0/48       AC:  3    Str: 22    XL:     4   Next: 15%
Magic:  2/6        EV: 10    Int: 11    God:    Cheibriados [*.....]
Gold:   0          SH:  0    Dex: 12    Spells: 3/3 levels left

rFire   . . .        a - +0 war axe
rCold   . . .        (no shield)
rNeg    . . .        b - +0 robe
rPois   .            c - +0 hat
rElec   .            (no cloak)
rCorr   .            (gloves unavailable)
SInv    .            (boots unavailable)
Will    .....        (no amulet)
Stlth   +            (no ring)
HPRegen 0.28/turn    (no ring)
MPRegen 0.10/turn

%: no teleportation
@: lethally poisoned (0 -> -7), very slow
A: large, unfitting armour, tough skin 1
a: Renounce Religion, Bend Time


You were in the Dungeon.
You worshipped Cheibriados.
Cheibriados was aware of your devotion.
You visited 1 branch

Inventory:

Hand Weapons
 a - a +0 war axe (weapon)
Missiles
 e - a large rock (quivered)
Armour
 b - a +0 robe (worn)
 c - a +0 hat (worn)
Scrolls
 k - a scroll of blinking
 l - 5 scrolls of amnesia
 m - a scroll of summoning
Potions
 g - 2 potions of invisibility
 h - a potion of haste
 i - 4 potions of magic
 j - 3 potions of berserk rage


   Skills:
 + Level 4.1 Fighting
 * Level 4.6(5.1) Axes
 * Level 3.0(4.0) Maces & Flails
 + Level 3.1 Throwing
 + Level 1.9 Armour
 + Level 3.4 Dodging
 * Level 2.9 Invocations


You had 3 spell levels left.
You didn't know any spells.
Your spell library was empty.

Dungeon Overview and Level Annotations

Branches:
Dungeon (1/1)

Altars:
Ashenzari
Cheibriados
Dithmenos
Elyvilon
Fedhas
Gozag
Hepliaklqana
Kikubaaqudgha
Makhleb
Nemelex Xobeh
Okawaru
Qazlal
Ru
Sif Muna
Trog
Uskayaw
Vehumet
Wu Jian
Xom
Yredelemnul
Zin
The Shining One
Jiyva
Lugonu


Innate Abilities, Weirdness & Mutations

You are too large for most types of armour.
You have tough skin. (AC +1)


Message History

Cheibriados thoroughly appreciates the change of pace.
You can now bend time to slow others.
Cheibriados raises the support of your attributes as your movement slows.
The adder barely misses you.
Your Fighting skill increases to level 4!
Your base Axes skill increases to level 4!
Your base Maces & Flails skill gained 2 levels and is now at level 3!
Your Throwing skill increases to level 3!
Your Invocations skill gained 2 levels and is now at level 2!
You have reached level 3!
Your experience leads to an increase in your attributes!
Your base attributes are Str 17, Int 9, Dex 10.
Increase (S)trength, (I)ntelligence, or (D)exterity?
You feel stronger. x3
You have reached level 4!
You barely miss the adder. The adder bites you.
You are poisoned.
The adder poisons you!
You barely miss the adder.
You feel sick. The adder bites you.
* * * LOW HITPOINT WARNING * * *
You are more poisoned.
The adder poisons you! The adder bites you.
* * * LOW HITPOINT WARNING * * *
You slash the adder!
The adder is severely wounded.
You feel sick. The adder closely misses you. The adder bites you.
* * * LOW HITPOINT WARNING * * *
You are more poisoned.
The adder poisons you!
You miss the adder.
The adder is severely wounded.
* * * LOW HITPOINT WARNING * * *
You feel very sick. The adder barely misses you.
Okay, then.
You barely miss the adder.
The adder is severely wounded.
* * * LOW HITPOINT WARNING * * *
You feel sick. The adder bites you.
You die...

#_________.#
#_______...###########++
##########'##...........
#.?(.')))'.##......#..#.
##########.##...........
#...........'...........
#+#####'#####......#..#.
#..#..##...........
+.@S.(#####'#####++
####+###.......#
#.......# #.......#
#...<...# #.......#
#.......# #.......#
#########


You could see an adder.

Vanquished Creatures
  A scorpion (D)
  An adder (D)
  An endoplasm (D)
3 creatures vanquished.

Notes
Turn   | Place    | Note
-------+----------+-------------------------------------------
     0 | D        | rocky1 the Ogre Gladiator began the quest for the Orb.
     0 | D        | Reached XP level 1. HP: 22/22 MP: 1/1
    33 | D        | Reached skill level 1 in Maces & Flails
    33 | D        | Reached skill level 1 in Armour
    33 | D        | Reached XP level 2. HP: 14/31 MP: 2/2
   486 | D        | Found a bloodstained altar of Trog.
   486 | D        | Found a shimmering blue altar of Sif Muna.
   486 | D        | Found a viscous altar of Jiyva.
   486 | D        | Found a hazy altar of Hepliaklqana.
   486 | D        | Found an opulent altar of Gozag.
   487 | D        | Found a glowing golden altar of the Shining One.
   487 | D        | Found a glowing silver altar of Zin.
   487 | D        | Found a basalt altar of Yredelemnul.
   487 | D        | Found a shimmering altar of Xom.
   487 | D        | Found an ornate altar of the Wu Jian Council.
   487 | D        | Found a sacrificial altar of Ru.
   487 | D        | Found a stormy altar of Qazlal.
   487 | D        | Found an iron altar of Okawaru.
   487 | D        | Found a sparkling altar of Nemelex Xobeh.
   487 | D        | Found a burning altar of Makhleb.
   487 | D        | Found a blossoming altar of Fedhas.
   487 | D        | Found a white marble altar of Elyvilon.
   487 | D        | Found a shadowy altar of Dithmenos.
   487 | D        | Found a snail-covered altar of Cheibriados.
   490 | D        | Found a corrupted altar of Lugonu.
   490 | D        | Found a radiant altar of Vehumet.
   491 | D        | Found an ancient bone altar of Kikubaaqudgha.
   491 | D        | Found a hide-covered altar of Uskayaw.
   491 | D        | Found a broken altar of Ashenzari.
   500 | D        | Became a worshipper of Cheibriados the Contemplative
   643 | D        | Noticed a scorpion
   651 | D        | Killed a scorpion
   651 | D        | Reached * piety under Cheibriados
   652 | D        | Reached XP level 3. HP: 15/39 MP: 2/5
   652 | D        | Reached XP level 4. HP: 19/48 MP: 2/6
   656 | D        | Slain by an adder

Illustrated notes

Levels and vault maps discovered:
D:        pitsprint [storerooms_1, entrance_room_1, metal_vault_2, armoury_3,
          mini_pit_1, grid_room_1, main_hall_1, silver_pit, the_coven_1,
          the_vestibule_1, steel_vault_3, golden_pit, hallway_of_sentries,
          crystal_vault_3, iron_vault_4, final_vault]

Skill      XL: |  1  2 |
---------------+-------+-----
Fighting       | 3 4 |  4.1
Maces & Flails | 1 3 |  3.0
Armour         | 1 |  1.9
Dodging        | 3 |  3.4
Axes           | 4 |  4.6
Throwing       | 3 |  3.1
Invocations    | 2 |  2.9

Action                     |  1- 3 |  4- 6 || total
---------------------------+-------+-------++-------
  Melee: War axe           |    25 |     5 ||    30
  Throw: Throwing net      |     3 |       ||     3
    Use: Potion            |     2 |       ||     2
   Stab: Sleeping          |     1 |       ||     1
 Armour: Robe              |     3 |       ||     3
  Dodge: Dodged            |    26 |     2 ||    28

Table legend: (Time is in decaauts)
 A = Elapsed time spent in this place.
 B = Non-inter-level travel time spent in this place.
 C = Inter-level travel time spent in this place.
 D = Time resting spent in this place.
 E = Time spent auto-exploring this place.
 F = Levels seen in this place.
 G = Mean time per level.
                   A        B        C        D        E       F      G
               +--------+--------+--------+--------+--------+-----+--------+
         Total |    674 |    674 |      0 |    548 |      0 |   1 |  674.0 |
       Dungeon |    674 |    674 |      0 |    548 |      0 |   1 |  674.0 |
               +--------+--------+--------+--------+--------+-----+--------+

Top non-repeatable levels by time:
       D: 674 daAuts
